 Dungeon Crawl Stone Soup version 0.27.1-3-gb3d3a73c9e (webtiles) character file.

Game seed: 10694283619251103638

18 Sirial the Skirmisher (level 2, -2/24 HPs)
             Began as a Human Fighter on Oct 19, 2021.
             Was an Initiate of Ashenzari.
             Slain by a quokka (3 damage)
             ... on level 1 of the Dungeon.
             The game lasted 00:02:43 (476 turns).

Sirial the Skirmisher (Human Fighter)                Turns: 476, Time: 00:02:44

Health: -2/24      AC:  6    Str: 16    XL:     2   Next: 90%
Magic:  2/2        EV:  7    Int:  8    God:    Ashenzari [......]
Gold:   65         SH:  9    Dex: 12    Spells: 1/1 levels left

rFire    . . .     SeeInvis .   a - +0 long sword of the Unyielding Gaze {Range, Evo} (curse)
rCold    . . .     Faith    .   c - +0 kite shield
rNeg     . . .     Spirit   .   b - +0 scale mail
rPois    .         Reflect  .   (no helmet)
rElec    .         Harm     .   (no cloak)
rCorr    .         Rampage  .   (no gloves)
Will     .....                  (no boots)
Stlth    ..........             (no amulet)
HPRegen  0.08/turn              (no ring)
MPRegen  0.08/turn              (no ring)

@: no status effects
A: no striking features
a: Renounce Religion, Shatter the Chains


You were on level 1 of the Dungeon.
You worshipped Ashenzari.
Ashenzari was noncommittal.
You visited 1 branch of the dungeon, and saw 1 of its levels.

You collected 65 gold pieces.

Inventory:

Hand Weapons
 a - the cursed +0 long sword of the Unyielding Gaze (weapon) {Range, Evo}

   It has a curse which improves the following skills: Ranged Combat: Slings,
   Bows, Crossbows and Throwing.
   Evocations: Evocations.
Armour
 b - a +0 scale mail (worn)
 c - a +0 kite shield (worn)
Scrolls
 e - 2 scrolls of fog
 f - 2 scrolls of teleportation
Potions
 d - a potion of might


   Skills:
 + Level 3.3 Fighting
 + Level 2.2 Long Blades
 + Level 3.1 Armour
 + Level 3.2 Shields


You had one spell level left.
You didn't know any spells.
Your spell library contained the following spells:

 Spells                   Type           Power      Damage    Failure   Level
 Beastly Appendage        Tmut           0%         N/A       100%        1
 Wereblood                Tmut           0%         N/A       100%        2
 Spider Form              Tmut/Pois      0%         N/A       100%        3


Dungeon Overview and Level Annotations

Branches:
Dungeon (1/15)

Altars:
Ashenzari

Shops:
D:1 [


Message History

The ball python barely misses you. The ball python constricts you.
You hit the kobold.
You kill the kobold!
You block the ball python's attack. The ball python constricts you.
You block the ball python's attack. The ball python constricts you.
The ball python bites you but does no damage.
You hit the ball python but do no damage.
The ball python bites you but does no damage. x2
The ball python constricts you.
The ball python bites you but does no damage.
The ball python constricts you. The ball python bites you.
You slash the ball python!
You kill the ball python!
The ball python bites you but does no damage.
The ball python constricts you.
The ball python bites you but does no damage.
The ball python constricts you. You block the quokka's attack.
You miss the quokka. The ball python bites you. The ball python constricts you.
The quokka bites you. The ball python bites you.
* * * LOW HITPOINT WARNING * * *
The ball python constricts you.
* * * LOW HITPOINT WARNING * * *
You barely miss the quokka. You block the quokka's attack.
The ball python bites you but does no damage.
The ball python constricts you. The quokka completely misses you.
The ball python barely misses you.
You riposte.
Your shield prevents you from hitting the ball python.
The ball python constricts you.
Unknown command.
You hit the ball python.
You kill the ball python!
The quokka bites you but does no damage.
The quokka bites you.
* * * LOW HITPOINT WARNING * * *
You closely miss the quokka. The quokka bites you.
* * * LOW HITPOINT WARNING * * *
You block the quokka's attack.
You see here a ball python corpse.
The quokka bites you.
You die...

#.##.# .# #.##.#
#.# ### #..#.#
#.###.. . ##.#.#
#.#...# .. #...#
#..... .#
##..####..#)# .##
#........#†# .).#
#..####.##r#..#
##.####>..@..#
#..#...##.......#
##...####....####
##### #....#
#....# #....#
######


You could see a quokka.

Vanquished Creatures
  A dart slug (D:1)
  2 ball pythons (D:1)
  An endoplasm (D:1)
  2 goblins (D:1)
  A hobgoblin (D:1)
  3 jackals (D:1)
  2 quokkas (D:1)
  2 kobolds (D:1)
  A rat (D:1)
15 creatures vanquished.

Vanquished Creatures (others)
  4 plants (D:1)
4 creatures vanquished.

Grand Total: 19 creatures vanquished

Notes
Turn   | Place    | Note
-------+----------+-------------------------------------------
     0 | D:1      | Sirial the Human Fighter began the quest for the Orb.
     0 | D:1      | Reached XP level 1. HP: 18/18 MP: 1/1
    58 | D:1      | Found a faded altar of an unknown god.
    81 | D:1      | Reached XP level 2. HP: 24/24 MP: 2/2
   104 | D:1      | Became a worshipper of Ashenzari the Shackled
   270 | D:1      | Found Athyz's Armour Shop.
   474 | D:1      | HP: 1/24 [quokka (3)]
   476 | D:1      | Slain by a quokka

Illustrated notes

Levels and vault maps discovered:
D:1:      zaba_arrival_water, layout_basic, dreamdust_ecumenical_altar_grove,
          serial_shops, shop_fountains, minmay_tetromino_t4

Action                   || total
-------------------------++-------
Melee: Long sword        ||    59
Invok: Curse Item        ||     1
Armor: Scale mail        ||    37
Dodge: Dodged            ||    22
Block: Kite shield       ||    39
       Rpst.: Long sword ||    10
